Map: Polka LE

Players

Massa - Winner!

  • Race: Terran Terran
  • League: Platinum
  • Spawn Location: 11:00

qqq - Winner!

  • Race: Zerg Zerg
  • League: Platinum
  • Spawn Location: 11:00

KULE

  • Race: Zerg Zerg
  • League: Diamond
  • Spawn Location: 5:00

Mirmar

  • Race: Protoss Protoss
  • Spawn Location: 5:00

VOD

Have the link to the VOD?

Description

Time

  • Played on: Jan. 9, 2021, 6:08 a.m.
  • Length: 6:34
Show
View Real Time Build Order
Export as new Build Order

Massa Terran - Winner!

Build Orders: Banshee Rush 

Get SALT Encoding   

  12  0:00  SCV  
  13  0:12  SCV  
  14  0:20  Supply Depot  
  14  0:25  SCV  
  15  0:41  SCV  
  16  0:43  Barracks  
  16  0:46  Refinery  
  16  0:53  SCV  
  16  0:56  Refinery  
  17  1:05  SCV  
  18  1:18  SCV  
  19  1:27  Supply Depot  
  19  1:30  SCV, Marine  
  21  1:37  Factory  
  21  1:47  Orbital Command  
  21  1:54  Marine  
  22  2:12  Marine  
  22  2:13  SCV  
  24  2:25  SCV  
  25  2:31  Marine, Supply Depot  
  25  2:33  Factory Tech Lab  
  26  2:39  Starport  
  26  2:45  Starport  
  26  2:49  SCV  
  27  3:01  SCV  
  28  3:12  Engineering Bay  
  28  3:13  SCV  
  28  3:16  Starport Tech Lab  
  29  3:21  Starport Tech Lab  
  29  3:25  Cyclone  
  29  3:26  Marine  
  33  3:36  Banshee  
  33  3:41  Banshee  
  39  3:49  Cloaking Field  
  39  3:53  Supply Depot  
  39  4:14  Supply Depot  
  39  4:15  Marine  
  40  4:18  Banshee  
  43  4:27  Banshee  
  46  4:33  Marine  
  47  4:39  Command Center  
  47  5:08  Banshee  
  50  5:42  Banshee  
  53  5:51  Banshee  
Show
View Real Time Build Order
Export as new Build Order

qqq Zerg - Winner!

Build Orders: Hatch First 

Get SALT Encoding   

  12  0:01  Drone  
  13  0:10  Drone  
  14  0:18  Overlord  
  14  0:47  Hatchery  
  14  0:49  Drone  
  14  0:52  Drone  
  15  1:08  Drone x2  
  17  1:24  Spawning Pool  
  16  1:28  Drone  
  16  1:29  Drone, Extractor  
  17  1:48  Drone x2  
  19  2:02  Drone  
  19  2:03  Drone  
  19  2:05  Overlord  
  21  2:22  Queen x2  
  25  2:24  Drone x2  
  25  2:25  Zergling x2  
  28  2:31  Zergling x2  
  28  2:34  Zergling x2  
  30  2:37  Overlord  
  30  2:40  Metabolic Boost  
  30  2:43  Zergling x2  
  31  2:50  Zergling x2  
  32  2:53  Zergling x2  
  33  2:58  Zergling x2  
  33  3:04  Zergling x2  
  35  3:09  Zergling x2  
  36  3:15  Zergling x2  
  37  3:22  Zergling x2  
  38  3:27  Drone  
  38  3:30  Overlord  
  38  3:31  Zergling x4  
  38  3:32  Zergling x2  
  38  3:33  Zergling x4  
  44  3:39  Overlord  
  44  3:41  Overlord  
  44  3:54  Zergling x2  
  44  3:55  Zergling x2  
  46  4:05  Zergling x4  
  48  4:10  Zergling x2  
  48  4:14  Lair  
  48  4:16  Hatchery  
  48  4:21  Zergling x4  
  48  4:23  Drone  
  45  4:48  Zergling x10  
  45  4:49  Zergling x2  
  45  4:50  Drone x2, Zergling x4  
  45  4:52  Zergling x2  
  46  4:57  Drone  
  47  5:02  Extractor  
  42  5:14  Zergling x4  
  42  5:15  Drone x2  
  46  5:26  Spire  
  43  5:33  Zergling x6  
  43  5:34  Drone x2, Zergling x2  
  43  5:35  Zergling x4  
  50  5:42  Zergling x2  
  51  5:50  Zergling x2  
  51  5:51  Drone x4  
  56  5:59  Drone  
  57  6:11  Drone  
  57  6:12  Drone x4  
Show
View Real Time Build Order
Export as new Build Order

KULE Zerg 

Build Orders: Hatch First 

Get SALT Encoding   

  12  0:00  Drone  
  13  0:09  Drone  
  14  0:17  Overlord  
  15  0:35  Drone x2  
  15  0:36  Drone  
  17  0:51  Drone  
  18  1:00  Hatchery, Drone  
  18  1:10  Drone  
  19  1:20  Spawning Pool  
  19  1:23  Extractor  
  17  1:28  Drone  
  17  1:31  Drone  
  19  1:42  Drone  
  20  1:57  Overlord  
  20  2:05  Drone  
  21  2:11  Queen x2  
  21  2:12  Zergling x2  
  21  2:13  Zergling x2  
  27  2:23  Drone x2  
  29  2:35  Metabolic Boost  
  29  2:37  Drone x2  
  31  2:55  Drone x3, Baneling Nest  
  32  3:00  Queen  
  34  3:06  Zergling x2  
  34  3:07  Zergling x2  
  34  3:11  Overlord  
  36  3:26  Drone  
  36  3:27  Overlord  
  36  3:44  Drone x3  
  36  3:47  Hatchery  
  38  3:49  Lair  
  38  3:50  Evolution Chamber x2  
  38  3:51  Zergling x4  
  38  3:54  Baneling  
  38  4:03  Extractor, Baneling  
  38  4:08  Drone x3  
  38  4:09  Drone x2  
  42  4:21  Baneling  
  42  4:23  Zergling x6  
  42  4:24  Drone x2, Zergling x2  
  46  4:36  Baneling x3  
  40  4:55  Zergling x10  
  40  4:56  Queen x2  
  46  5:03  Spore Crawler  
  41  5:18  Overseer  
  40  5:22  Zergling x4  
  32  5:57  Spore Crawler  
  29  6:05  Extractor x2  
Show
View Real Time Build Order
Export as new Build Order

Mirmar Protoss 

Build Orders:  

Get SALT Encoding   

  12  0:02  Probe  
  13  0:14  Probe  
  13  0:20  Pylon  
  14  0:26  Probe  
  15  0:38  Probe (Chrono Boost)  
  15  0:41  Gateway  
  16  0:45  Assimilator  
  17  0:50  Probe (Chrono Boost)  
  17  1:04  Assimilator  
  17  1:07  Probe (Chrono Boost)  
  18  1:19  Probe (Chrono Boost)  
  19  1:27  Probe (Chrono Boost)  
  19  1:28  Cybernetics Core  
  19  1:30  Zealot  
  22  1:33  Probe  
  23  1:48  Pylon  
  23  2:03  Nexus  
  23  2:06  Probe  
  24  2:17  Gateway  
  24  2:25  Shield Battery  
  24  2:27  Pylon  
  24  2:33  Probe  
  25  2:38  Stalker  
  27  2:45  Probe  
  27  2:51  Stargate  
  28  2:58  Shield Battery  
  28  3:00  Probe  
  28  3:05  Sentry  
  31  3:21  Stalker  
  33  3:36  Void Ray  
  37  3:53  Stargate  
  37  4:00  Probe x2  
  39  4:05  Gateway  
  39  4:07  Gateway  
  39  4:12  Probe  
  39  4:17  Pylon  
  40  4:18  Probe  
  40  4:23  Adept  
  44  4:24  Probe  
  44  4:30  Probe  
  51  5:23  Pylon  
  48  5:41  Probe  
  49  5:48  Void Ray  
  46  6:13  Pylon  
  46  6:14  Pylon  
  46  6:17  Probe x2  
Tags
 
Add a new tag
Caveats
  • Supply blocks, unpowered buildings, or Contaminate may cause inaccurate times.
  • Supply counts are checked every 10 seconds.